cohdb
Replays
Latest Replays
All Replays
Popular Replays
Top Player Replays
Match Explorer
How It Works
Community
CoH3 Stats
Reddit
Sign in to upload your games and track your stats! →
Sign in with Steam
Match 44799776
Unlisted
Match 44799776
Overview
Messages
Build Orders
End
Pioneer Squad
Pioneer Squad
Construct Infanterie Kompanie
Selects Breakthrough Battlegroup
Selects Assault Grenadiers
Grenadier Squad
Grenadier Squad
MG 42 Machine Gun Team
Infanterie Officer Quarters
Construct Luftwaffe Kompanie
Jäger Squad
Selects Breakthrough
Breakthrough
221 Scout Car
Selects Rapid Production
Selects Mechanized Assault Group
Mechanized Assault Group
Medical Bunker
Construct Panzer Kompanie
Sturmpanzer IV Brummbär
Selects Blitzkrieg
Panzer IV Medium Tank
Side Skirts
咚咚锵个腿
Alexem
0
0
Comments
sign in to comment!
No comments posted yet!